 Dungeon Crawl Stone Soup version 0.22-a0-608-g8a62e23 (webtiles) character file.

112 Hebeh the Firebug (level 4, -1/25 HPs)
             Began as a Deep Elf Fire Elementalist on July 9, 2018.
             Slain by an orc wizard
             ... wielding a +0 dagger
              (3 damage)
             ... on level 3 of the Dungeon.
             The game lasted 00:12:09 (2510 turns).

Hebeh the Firebug (Deep Elf Fire Elementalist)      Turns: 2510, Time: 00:12:10

Health: -1/25      AC:  4    Str:  6    XL:     4   Next: 63%
Magic:  8/12       EV: 13    Int: 20    God:
Gold:   141        SH:  0    Dex: 15    Spells: 2/11 levels left

rFire    . . .     SeeInvis .   b - +0 hunting sling
rCold    . . .     Gourm    .   (no shield)
rNeg     . . .     Faith    .   f - +0 robe
rPois    .         Spirit   .   (no helmet)
rElec    .         Reflect  .   o - +0 cloak
rCorr    .         Harm     .   p - +0 pair of gloves (curse)
MR       .....                  (no boots)
Stlth    ++........             (no amulet)
HPRegen  0.08/turn              (no ring)
MPRegen  0.13/turn              (no ring)

@: slowed, very slow
A: no striking features
a: no special abilities


You were on level 3 of the Dungeon.
You were not hungry.

You visited 1 branch of the dungeon, and saw 3 of its levels.

You collected 141 gold pieces.

Inventory:

Hand Weapons
 a - a +0 whip
 b - a +0 hunting sling (weapon)
Missiles
 m - 4 stones (quivered)
Armour
 f - a +0 robe (worn)
 o - a +0 cloak (worn)
 p - a cursed +0 pair of gloves (worn)
Scrolls
 d - a scroll of magic mapping {unknown}
 e - 3 scrolls of remove curse {unknown}
 h - a scroll of amnesia {unknown}
 k - a scroll of identify {unknown}
 q - 2 scrolls of fear {unknown}
 s - 2 scrolls of immolation {unknown}
 t - a scroll of blinking {unknown}
Potions
 g - a potion of brilliance {unknown}
 i - a potion of curing {unknown}
 l - a potion of berserk rage {unknown}
 n - a potion of haste {unknown}
 u - a potion of might {unknown}
Comestibles
 c - 6 rations
 r - 2 chunks of flesh


   Skills:
 + Level 1.0 Fighting
 + Level 0.1 Throwing
 - Level 2.4 Dodging
 - Level 2.4 Stealth
 * Level 4.1 Spellcasting
 * Level 2.9 Conjurations
 * Level 4.3 Fire Magic


You had 2 spell levels left.
You knew the following spells:

 Your Spells              Type           Power        Failure   Level  Hunger
a - Flame Tongue          Conj/Fire      ###..        3%          1    None
b - Throw Flame           Conj/Fire      ###...       4%          2    #......
c - Conjure Flame         Conj/Fire      ###.....     9%          3    ###....
d - Inner Flame           Hex/Fire       ##......     16%         3    ###....

Your spell library contained the following spells:

 Spells                   Type           Power        Failure   Level  Hunger
 Fireball                 Conj/Fire      ###.......   63%         5    ######.
 Sticky Flame             Conj/Fire      ###.....     28%         4    ####...


Dungeon Overview and Level Annotations

Branches:
Dungeon (3/15)

Altars:


Message History

Confirm with . or Enter, or press ? or * to list all spells.
Aiming: Flame Tongue (safe; 3% risk of failure)
Press: ? - help, Shift-Dir - straight line, f - orc wizard
Aim: an orc wizard, wielding a dagger and wearing a robe The flame tongue hits the orc wizard.
The orc wizard is heavily wounded.
The hobgoblin hits you with a club.
* * * LOW HITPOINT WARNING * * *
The orc wizard gestures at you while chanting.
You feel yourself slow down.
Casting: Flame Tongue (safe; 3% risk of failure)
Confirm with . or Enter, or press ? or * to list all spells.
Aiming: Flame Tongue (safe; 3% risk of failure)
Press: ? - help, Shift-Dir - straight line, f/p - orc wizard
Aim: an orc wizard, wielding a dagger and wearing a robe (heavily wounded)
The flame tongue misses the orc wizard.
The hobgoblin hits you with a club.
* * * LOW HITPOINT WARNING * * *
The orc wizard hits you but does no damage.
The orc wizard hits you with a dagger.
You die...

(#. . o.. ..
.. #. .(
.(##.#####+#
)(....o@.#
.#)#####g#
#.(.g...#
#.#.......#
#.......).#
####......#
#......#
#....#.....#
..?....##.#.#


You could see an orc wizard and a hobgoblin.

Vanquished Creatures
  3 adders (D:2)
  An ooze (D:1)
  A worm (D:2)
  2 dart slugs (D:1)
  A leopard gecko (D:1)
  4 orcs (D:3)
  3 giant cockroaches
  6 goblins
  10 hobgoblins
  4 jackals (D:2)
  6 kobolds
  A ball python (D:1)
  9 bats
  6 frilled lizards
  9 rats
66 creatures vanquished.

Vanquished Creatures (others)
  A plant (D:2)
1 creature vanquished.

Grand Total: 67 creatures vanquished

Notes
Turn   | Place    | Note
-------+----------+-------------------------------------------
     0 | D:1      | Hebeh the Deep Elf Fire Elementalist began the quest for the Orb.
     0 | D:1      | Reached XP level 1. HP: 10/10 MP: 6/6
   358 | D:1      | Reached XP level 2. HP: 15/15 MP: 5/8
  1044 | D:1      | Reached XP level 3. HP: 18/20 MP: 8/10
  1851 | D:2      | Reached XP level 4. HP: 23/24 MP: 5/11
  2434 | D:2      | Learned a level 2 spell: Throw Flame
  2438 | D:2      | Learned a level 3 spell: Conjure Flame
  2442 | D:2      | Learned a level 3 spell: Inner Flame
  2490 | D:3      | Reached skill level 1 in Fighting
  2510 | D:3      | Slain by an orc wizard

Vault maps used:
D:1:      minmay_arrival_arboretum_small, grunt_decor_cap, skrybe_limestone_x
D:2:      first_ration, serial_bayou, serial_bayou_pond_a,
          serial_bayou_crossing, serial_bayou_lagoon_a, serial_bayou_pond_c,
          serial_bayou_lake_a, serial_bayou_lagoon_b

Skill      XL: |  1  2  3  4 |
---------------+-------------+-----
Conjurations   | 2 |  2.9
Fire Magic     | 4 |  4.3
Spellcasting   | 4 |  4.1
Fighting       | 1 |  1.0
Throwing       | |  0.1
Dodging        | |  2.4
Stealth        | |  2.4

Action                   |  1- 3 |  4- 6 || total
-------------------------+-------+-------++-------
Melee: Unarmed           |    15 |       ||    15
       Whip              |    13 |    69 ||    82
 Fire: Hunting sling     |    40 |    28 ||    68
Throw: Stone             |     9 |       ||     9
 Cast: Flame Tongue      |    67 |    19 ||    86
  Eat: Chunk             |     3 |     2 ||     5
Armor: Robe              |    25 |     5 ||    30
Dodge: Dodged            |    60 |    11 ||    71

Table legend:
 A = Spawn XP
 B = Non-spawn XP
 C = Spawn XP percentage of total XP
 D = Spawn monster count
 E = Non-spawn monster count
 F = Spawn count percentage of total count
 G = Total turns spent on level
                    A         B        C        D         E        F      G
               +---------+---------+-------+---------+---------+-------+---------
         Total |       0 |     160 |   0.0 |       0 |      66 |   0.0 |  2510
               +---------+---------+-------+---------+---------+-------+---------
           D:1 |       0 |      63 |   0.0 |       0 |      33 |   0.0 |  1477
           D:2 |       0 |      80 |   0.0 |       0 |      25 |   0.0 |  1002
           D:3 |       0 |      17 |   0.0 |       0 |       8 |   0.0 |    31
               +---------+---------+-------+---------+---------+-------+---------
